 Dungeon Crawl Stone Soup version 0.31-a0-1522-g43313d8a59 (webtiles) character file.

Game seed: 3555770010972430396

220 hikkokomori the Grave Robber (level 5, -7/39 HPs)
             Began as a Mummy Necromancer on Dec 30, 2023.
             Mangled by an ogre
             ... wielding a +0 giant club
              (12 damage)
             ... on level 4 of the Dungeon.
             The game lasted 00:05:04 (4146 turns).

hikkokomori the Grave Robber (Mummy Necromancer)    Turns: 4146, Time: 00:05:05

Health: -7/39      AC:  3    Str: 11    XL:     5   Next: 64%
Magic:  6/11       EV:  9    Int: 17    God:
Gold:   191        SH:  7    Dex: 12    Spells: 11/12 levels left

rFire   x . .        c - +0 dagger (drain)
rCold   + . .        b - +0 kite shield
rNeg    + + +        a - +0 robe
rPois   ∞            (no helmet)
rElec   .            (no cloak)
rCorr   .            (no gloves)
SInv    .            f - +0 pair of boots
Will    .....        (no amulet)
Stlth   ++           (no ring)
HPRegen 0.26/turn    (no ring)
MPRegen 0.12/turn

%: faith
@: very slightly contaminated
A: cold resistance 1, negative energy resistance 3, torment resistance 2, heat
vulnerability 1, in touch with death 1, no potions, faith
a: no special abilities


You were on level 4 of the Dungeon.
You visited 1 branch of the dungeon, and saw 5 of its levels.

You collected 191 gold pieces.

Inventory:

Hand Weapons
 c - a +0 dagger of draining (weapon)
 i - a +1 mace of protection
Missiles
 g - 2 atropa-tipped darts
Armour
 a - a +0 robe (worn)
 b - a +0 kite shield (worn)
 f - a +0 pair of boots (worn)
Jewellery
 e - a +6 ring of dexterity
Wands
 k - a wand of digging (2)
Scrolls
 d - 2 scrolls of blinking
 h - 6 scrolls of identify
 j - a scroll of teleportation


   Skills:
 + Level 2.3 Fighting
 - Level 1.5 Dodging
 + Level 2.7 Stealth
 + Level 1.3 Shields
 + Level 4.1 Spellcasting
 + Level 4.7 Necromancy


You had 11 spell levels left.
You knew the following spells:

 Your Spells              Type           Power      Damage    Failure   Level
a - Necrotise             Necr           100%       1d9       11%         1

Your spell library contained the following spells:

 Spells                   Type           Power      Damage    Failure   Level
 Vampiric Draining        Necr           29%        2d8       30%         3
 Foxfire                  Conj/Fire      12%        2x1d4     58%         1
 Animate Dead             Necr           29%        N/A       71%         4
 Curse of Agony           Necr           29%        N/A       96%         5
 Plasma Beam              Fire/Air       1%         2x1d11    100%        6
 Starburst                Conj/Fire      1%         6d3       100%        6


Dungeon Overview and Level Annotations

Branches:
Dungeon (5/15)
 Temple: D:4-7

Altars:

Annotations:
D:4 3 runed translucent doors, robth's ghost, amateur MiFi


Innate Abilities, Weirdness & Mutations

You are immune to poison.
Your flesh is cold resistant. (rC+)
You are immune to negative energy. (rN+++)
You are immune to unholy pain and torment.
You are vulnerable to heat. (rF-)
You are in touch with the powers of death.
You do not drink.
You have a special connection with the divine. (Faith)


Message History

Press: ? - help, Shift-Dir - straight line, f/p - ogre
Aim: an ogre, wielding a +0 giant club (heavily wounded, chance to affect: 83%)
You feel a surge of power!
You miscast Necrotise.
You are very lightly contaminated with residual magic.
Nothing appears to happen.
Unknown command.
You hit the ogre.
The ogre is severely wounded.
The ogre hits you with a +0 giant club!!
Ouch! That really hurt!
* * * LOW HITPOINT WARNING * * *
You hit the ogre but do no damage. You drain the ogre.
The ogre is severely wounded.
The ogre barely misses you.
You barely miss the ogre.
The ogre is severely wounded.
You block the ogre's attack.
Unknown command.
Casting: Necrotise (safe; 11% risk of failure)
Confirm with . or Enter, or press ? or * to list all spells.
Aiming: Necrotise (safe; 11% risk of failure)
Press: ? - help, Shift-Dir - straight line, f/p - ogre
Aim: an ogre, wielding a +0 giant club (severely wounded, lightly drained, chance to affect: 85%)
You feel a surge of power!
The ogre writhes in agony.
Unknown command.
Unknown command.
Casting: Necrotise (safe; 11% risk of failure)
Confirm with . or Enter, or press ? or * to list all spells.
Aiming: Necrotise (safe; 11% risk of failure)
Press: ? - help, Shift-Dir - straight line, f/p - ogre
Aim: an ogre, wielding a +0 giant club (almost dead, lightly drained, chance to affect: 85%)
You feel a surge of power!
The ogre barely resists.
The ogre hits you with a +0 giant club!
* * * LOW HITPOINT WARNING * * *
Unknown command.
Unknown command.
You barely miss the ogre.
The ogre is almost dead.
The ogre hits you with a +0 giant club!
You die...

.# #.##.#.##.......#.#.......#.#.
.###.##.#.###.#.#.......#.#..)...
.#......#.# #.....≈...≈.....≈)..≈
####..###.###..≈....#....≈....#..
...#..............≈...≈.....§...§
##............#.#§§.....#.#......
.##........#.......#.#.......#.#.
.##........#.≈...≈.§§..≈...≈.....
)......###.#...#@...≈§...#....≈..
>.......##.#.≈..O≈.§§§.≈...≈.....
####.#.............#§#.......#.#.
#.##.##.##.#.#.......#.#......
#.......##.....§...§..§§.≈...≈
###...#####.≈....#....≈....#..
#...# #....≈...≈.§...≈...#
#####...#####..#.......#§#...###
##.....^.....#.....#..#.......#


You could see an ogre (drained).

Vanquished Creatures
  A scorpion (D:4)
  An iguana (D:4)
  An orc wizard (D:4)
  2 adders (D:4)
  3 dart slugs (D:1)
  2 ribbon worms
  An orc (D:3)
  7 ball pythons
  5 endoplasms
  8 giant cockroaches
  13 goblins
  9 hobgoblins
  3 jackals (D:2)
  7 kobolds
  2 quokkas
  2 bats (D:2)
  3 frilled lizards
  A rat (D:2)
71 creatures vanquished.

Vanquished Creatures (collateral kills)
  A bat (D:1)
1 creature vanquished.

Grand Total: 72 creatures vanquished

Notes
Turn   | Place    | Note
-------+----------+-------------------------------------------
     0 | D:1      | hikkokomori the Mummy Necromancer began the quest for the
                  | Orb.
     0 | D:1      | Reached XP level 1. HP: 13/13 MP: 4/4
   210 | D:1      | Reached XP level 2. HP: 20/20 MP: 1/5
   525 | D:1      | Reached skill level 1 in Fighting
   740 | D:1      | Reached XP level 3. HP: 26/26 MP: 3/7
  1946 | D:2      | Reached XP level 4. HP: 32/32 MP: 6/9
  3165 | D:4      | Noticed an ogre
  3332 | D:5      | Entered Level 5 of the Dungeon
  3332 | D:5      | Noticed a scorpion
  3356 | D:4      | Killed a scorpion
  3357 | D:4      | Reached skill level 1 in Shields
  3357 | D:4      | Reached XP level 5. HP: 4/38 MP: 5/11
  3617 | D:4      | Found a runed translucent gate.
  3617 | D:4      | Found a runed translucent gate.
  3617 | D:4      | Found a runed translucent gate.
  3906 | D:4      | Noticed robth's ghost (amateur MiFi)
  4146 | D:4      | Mangled by an ogre

Illustrated notes

Levels and vault maps discovered:
D:1:      minmay_arrival_three_doors, layout_loops_ring
D:2:      layout_basic, hangedman_abyss_or_decor_stabs
D:3:      layout_basic, tso_oasis_becter, kennysheep_small_spiral
D:4:      layout_loops_cross, gammafunk_ghost_icy,
          nicolae_kite_square_tiling_tiny, serial_bayou_pond_e,
          minmay_misc_feat_ornament, grunt_ministairs_4
D:5:      layout_cave_pools, nicolae_hepliaklqana_ecumenical_no_more,
          minmay_a_box_with_orc_wizards_in_it

Skill      XL: |  1  2  3  4 |
---------------+-------------+-----
Spellcasting   | 3 4 |  4.1
Fighting       | 1 2 |  2.3
Stealth        | 2 |  2.7
Shields        | 1 |  1.3
Dodging        | |  1.5
Necromancy     | |  4.7

Action                     |  1- 3 |  4- 6 || total
---------------------------+-------+-------++-------
  Melee: Unarmed           |    12 |       ||    12
         Dagger            |     5 |    18 ||    23
   Cast: Necrotise         |    89 |    49 ||   138
    Use: Scroll            |     3 |     2 ||     5
 Armour: Robe              |    22 |    26 ||    48
  Dodge: Dodged            |    33 |    15 ||    48
  Block: Kite shield       |     4 |    11 ||    15

Table legend: (Time is in decaauts)
 A = Elapsed time spent in this place.
 B = Non-inter-level travel time spent in this place.
 C = Inter-level travel time spent in this place.
 D = Time resting spent in this place.
 E = Time spent auto-exploring this place.
 F = Levels seen in this place.
 G = Mean time per level.
                   A        B        C        D        E       F      G
               +--------+--------+--------+--------+--------+-----+--------+
         Total |   4151 |   4088 |     63 |      0 |   3577 |   5 |  830.2 |
       Dungeon |   4151 |   4088 |     63 |      0 |   3577 |   5 |  830.2 |
               +--------+--------+--------+--------+--------+-----+--------+

Top non-repeatable levels by time:
     D:2: 1234 daAuts
     D:1: 1190 daAuts
     D:4: 1069 daAuts
     D:3: 643 daAuts
     D:5: 13 daAuts
